 Dungeon Crawl Stone Soup version 0.30-a0-322-g102857c (webtiles) character file.

Game seed: 16119199034416909944

2904 Sixotanaka the Nimble (level 9, -2/71 HPs)
             Began as a Gnoll Gladiator on Oct 27, 2022.
             Was a Believer of Cheibriados.
             Killed by divine providence
             ... invoked by an orc priest
              (13 damage)
             ... on level 7 of the Dungeon.
             The game lasted 00:18:33 (6614 turns).

Sixotanaka the Nimble (Gnoll Gladiator)             Turns: 6614, Time: 00:18:34

Health: -2/71      AC:  9    Str: 28    XL:     9   Next: 78%
Magic:  14/16      EV: 15    Int: 14    God:    Cheibriados [**....]
Gold:   133        SH: 10    Dex: 18    Spells: 13/17 levels left

rFire   . . .      SeeInvis .    a - +3 short sword (elec)
rCold   + . .      Faith    .    G - +0 kite shield
rNeg    . . .      Spirit   .    I - +3 leather armour {rPois}
rPois   +          Reflect  .    c - +0 helmet
rElec   .          Harm     .    (no cloak)
rCorr   .          Rampage  .    (no gloves)
Will    .....                    j - +0 pair of boots
Stlth   +++.......               (no amulet)
HPRegen 0.31/turn                H - ring of protection from cold
MPRegen 0.15/turn                t - +6 ring of strength

@: very slow
A: fangs 1, strong nose, distributed training
a: Renounce Religion, Bend Time


You were on level 7 of the Dungeon.
You worshipped Cheibriados.
Cheibriados was pleased with you.
You visited 2 branches of the dungeon, and saw 8 of its levels.

You collected 289 gold pieces.
You spent 156 gold pieces at shops.

Inventory:

Hand Weapons
 a - a +3 short sword of electrocution (weapon)
 b - a +1 spear of venom
Missiles
 d - 3 throwing nets
 e - 10 javelins
 s - 10 poisoned darts (quivered)
Armour
 c - a +0 helmet (worn)
 j - a +0 pair of boots (worn)
 G - a +0 kite shield (worn)
 I - a +3 leather armour of poison resistance (worn)
Jewellery
 f - a ring of see invisible
 n - a ring of flight
 t - a +6 ring of strength (right hand)
 H - a ring of protection from cold (left hand)
Wands
 k - a wand of flame (13)
 q - a wand of digging (10)
 F - a wand of polymorph (9)
Scrolls
 g - a scroll of teleportation {unknown}
 h - a scroll of enchant armour
 l - a scroll of magic mapping
 o - a scroll of poison {unknown}
 p - a scroll of silence {unknown}
 u - a scroll of torment {unknown}
 y - a scroll of amnesia {unknown}
 B - a scroll of blinking {unknown}
 C - a scroll of vulnerability {unknown}
Potions
 i - 2 potions of might {unknown}
 m - 6 potions of curing
 r - a potion of attraction {unknown}
 v - a potion of haste {unknown}
 w - a potion of lignification {unknown}
 x - a potion of degeneration {unknown}
 z - 2 potions of resistance
 A - a potion of flight {unknown}
 D - a potion of heal wounds {unknown}


   Skills:
 + Level 6.7 Fighting
 + Level 4.7 Short Blades
 + Level 4.7 Long Blades
 + Level 4.7 Axes
 + Level 4.7 Maces & Flails
 + Level 4.7 Polearms
 + Level 8.2 Staves
 + Level 4.7 Ranged Weapons
 + Level 6.7 Throwing
 + Level 4.7 Armour
 + Level 8.2 Dodging
 + Level 4.7 Stealth
 + Level 4.7 Shields
 + Level 4.7 Unarmed Combat
 + Level 4.7 Spellcasting
 + Level 3.9 Conjurations
 + Level 3.9 Hexes
 + Level 3.9 Summonings
 + Level 3.9 Necromancy
 + Level 3.9 Translocations
 + Level 3.9 Transmutations
 + Level 3.9 Fire Magic
 + Level 3.9 Ice Magic
 + Level 3.9 Air Magic
 + Level 3.9 Earth Magic
 + Level 3.9 Poison Magic
 + Level 5.2 Invocations
 + Level 4.7 Evocations


You had 13 spell levels left.
You knew the following spells:

 Your Spells              Type           Power      Damage    Failure   Level
a - Blink                 Tloc           28%        N/A       17%         2
b - Momentum Strike       Conj/Tloc      28%        3d8       17%         2

Your spell library contained the following spells:

 Spells                   Type           Power      Damage    Failure   Level
 Scorch                   Fire           28%        2d6       17%         2
 Lesser Beckoning         Tloc           28%        N/A       34%         3
 Portal Projectile        Hex/Tloc       28%        N/A       34%         3
 Cause Fear               Hex            7%         N/A       75%         4
 Flame Wave               Conj/Fire      14%        2d6       75%         4
 Summon Cactus Giant      Summ           7%         N/A       100%        6
 Discord                  Hex            7%         N/A       100%        8


Dungeon Overview and Level Annotations

Branches:
Dungeon (7/15)             Temple (1/1) D:4

Altars:
Ashenzari
Cheibriados
Dithmenos
Elyvilon
Gozag
Hepliaklqana
Kikubaaqudgha
Makhleb
Nemelex Xobeh
Okawaru
Qazlal
Ru
Trog
Uskayaw
Vehumet
Wu Jian
Yredelemnul
The Shining One

Shops:
D:7 *

Annotations:
D:7 Dowan, Duvessa


Innate Abilities, Weirdness & Mutations

You have very sharp teeth.
Your uncanny sense of smell can sniff out nearby items.
Your experience applies equally to all skills.


Message History

Casting: Blink (safe; 17% risk of failure)
Confirm with . or Enter, or press ? or * to list all spells.
Okay, then.
Okay, then.
Casting: Blink (safe; 17% risk of failure)
Confirm with . or Enter, or press ? or * to list all spells.
Okay, then.
You kill the bullfrog!
Cheibriados thoroughly appreciates the change of pace.
The orc priest mumbles some strange prayers to Beogh against you.
Beogh smites you!
The orc priest looks satisfied for a moment.
Casting: Blink (safe; 17% risk of failure)
Confirm with . or Enter, or press ? or * to list all spells.
You blink.
You block the orc warrior's attack.
The orc priest calls down the wrath of Beogh upon you.
Beogh smites you!
* * * LOW HITPOINT WARNING * * *
You block the kobold brigand's attack.
Casting: Blink (safe; 17% risk of failure)
Confirm with . or Enter, or press ? or * to list all spells.
You are still too unstable to blink.
Unknown command.
You block the orc warrior's attack.
The kobold brigand hits you with a +0 whip.
* * * LOW HITPOINT WARNING * * *
Okay, then.
You feel better. You block the orc warrior's attack.
The kobold brigand hits you with a +0 whip.
The orc warrior attacks as you move away!
The orc warrior misses you.
The orc priest calls down the wrath of Beogh upon you.
Beogh smites you!
* * * LOW HITPOINT WARNING * * *
The orc warrior attacks as you move away!
The orc warrior hits you but does no damage.
You feel stable enough to blink again.
The orc priest invokes the aid of Beogh against you.
Beogh smites you!
You die...

## . .# .. .###..
.K(.#.. ###o.....#
####.)ooo..#
####:.Koo##.... ###
##..#@oKo.# . ..##
####........##
...######.##..#......#
#..##.........#.....##
....#................#
.................##...#
............#.....##.##
...##.......#....## ..#
................... .##


You could see 2 orc warriors, a kobold brigand, 2 orc priests, 2 orc wizards, 2
orcs and 2 kobolds.

Vanquished Creatures
  6 yaks (D:6)
  Eustachio (D:6)
  Edmund (D:6)
  A sky beast (D:6)
  2 centaurs
  3 phantoms
  2 bullfrogs (D:7)
  A scorpion (D:4)
  A gnoll sergeant (D:6)
  3 howler monkeys (D:7)
  2 jellies (D:6)
  6 hounds
  3 orc priests
  6 iguanas
  2 orc wizards (D:5)
  4 scorpion zombies (D:4)
  Terence (D:3)
  A hound zombie (D:4)
  A howler monkey zombie (D:4)
  11 gnolls
  10 adders
  A shadow imp (D:5)
  A white imp (D:5)
  2 adder zombies (D:4)
  An adder skeleton (D:4)
  3 worms
  9 orcs
  4 bats
  8 endoplasms
  A giant cockroach (D:1)
  7 goblins
  5 hobgoblins
  5 jackals
  A quokka (D:2)
  7 ball pythons
  6 frilled lizards
  4 kobolds
  2 quokka zombies (D:4)
  9 rats
144 creatures vanquished.

Notes
Turn   | Place    | Note
-------+----------+-------------------------------------------
     0 | D:1      | Sixotanaka the Gnoll Gladiator began the quest for the Orb.
     0 | D:1      | Reached XP level 1. HP: 20/20 MP: 1/1
    77 | D:1      | Reached XP level 2. HP: 22/26 MP: 2/2
   320 | D:1      | Reached XP level 3. HP: 31/31 MP: 3/3
   664 | D:1      | Reached skill level 1 in Invocations
   766 | D:2      | Reached skill level 1 in Short Blades
   766 | D:2      | Reached skill level 1 in Long Blades
   766 | D:2      | Reached skill level 1 in Axes
   766 | D:2      | Reached skill level 1 in Maces & Flails
   766 | D:2      | Reached skill level 1 in Polearms
   766 | D:2      | Reached skill level 1 in Ranged Weapons
   766 | D:2      | Reached skill level 1 in Armour
   766 | D:2      | Reached skill level 1 in Stealth
   766 | D:2      | Reached skill level 1 in Shields
   766 | D:2      | Reached skill level 1 in Unarmed Combat
   766 | D:2      | Reached skill level 1 in Spellcasting
   766 | D:2      | Reached skill level 1 in Evocations
   820 | D:2      | Reached XP level 4. HP: 22/38 MP: 5/5
   841 | D:2      | Reached skill level 1 in Conjurations
   841 | D:2      | Reached skill level 1 in Hexes
   841 | D:2      | Reached skill level 1 in Summonings
   841 | D:2      | Reached skill level 1 in Necromancy
   841 | D:2      | Reached skill level 1 in Translocations
   841 | D:2      | Reached skill level 1 in Transmutations
   841 | D:2      | Reached skill level 1 in Fire Magic
   841 | D:2      | Reached skill level 1 in Ice Magic
   841 | D:2      | Reached skill level 1 in Air Magic
   841 | D:2      | Reached skill level 1 in Earth Magic
   841 | D:2      | Reached skill level 1 in Poison Magic
  1582 | D:3      | Noticed Terence
  1590 | D:3      | Killed Terence
  1591 | D:3      | Reached XP level 5. HP: 41/43 MP: 7/7
  2288 | D:4      | Reached XP level 6. HP: 39/50 MP: 8/8
  2305 | D:4      | Reached skill level 5 in Fighting
  2305 | D:4      | Reached skill level 5 in Throwing
  2431 | D:4      | Learned a level 2 spell: Blink
  2537 | D:4      | Found a staircase to the Ecumenical Temple.
  2617 | D:4      | Reached XP level 7. HP: 33/56 MP: 10/10
  2622 | Temple   | Entered the Ecumenical Temple
  2865 | Temple   | Became a worshipper of Cheibriados the Contemplative
  3105 | D:4      | Got Gaoxuhur's Omnibus of Ensorcelling
  3399 | D:4      | Found a glowing golden altar of the Shining One.
  3430 | D:4      | Found an ornate altar of the Wu Jian Council.
  3431 | D:4      | Found a stormy altar of Qazlal.
  3433 | D:4      | Found a broken altar of Ashenzari.
  3434 | D:4      | Found a sacrificial altar of Ru.
  3499 | D:4      | Found an iron altar of Okawaru.
  3506 | D:4      | Found a basalt altar of Yredelemnul.
  3625 | D:4      | Found a radiant altar of Vehumet.
  3715 | D:5      | Entered Level 5 of the Dungeon
  3940 | D:5      | Reached * piety under Cheibriados
  3976 | D:5      | Identified the +1 robe "Gizar" {rElec Regen+}
  4049 | D:5      | Reached XP level 8. HP: 35/63 MP: 12/12
  4825 | D:6      | Noticed Edmund
  5056 | D:6      | Killed Edmund
  5628 | D:6      | Reached ** piety under Cheibriados
  5699 | D:6      | Noticed a yak
  5714 | D:6      | Noticed Eustachio
  5744 | D:6      | Killed Eustachio
  5890 | D:6      | Reached XP level 9. HP: 55/69 MP: 13/15
  6131 | D:7      | Found Cakhy's Assorted Antiques.
  6398 | D:6      | Reached skill level 5 in Invocations
  6515 | D:7      | Noticed Duvessa
  6520 | D:7      | Bought 2 potions of curing for 156 gold pieces
  6528 | D:7      | Learned a level 2 spell: Momentum Strike
  6535 | D:7      | Noticed Dowan
  6614 | D:7      | Killed from afar by an orc priest

Illustrated notes

Levels and vault maps discovered:
D:1:      psy_arrival_spokes, layout_basic
D:2:      layout_rooms
D:3:      layout_loops_corners, uniq_terence
D:4:      layout_basic, nicolae_overflow_hallway_of_the_gods, vehumet_crystals,
          minmay_temple_entry_drinking_statues, serial_undead, serial_undead_a,
          serial_undead_e, serial_undead_f, serial_undead_f, serial_undead_c,
          serial_undead_e, serial_undead_f, serial_undead_d, fountainhead,
          due_unseen_surprise
D:5:      layout_loops_ring
D:6:      layout_basic, uniq_eustachio, uniq_edmund
D:7:      layout_cave_pools, serial_shops, nicolae_diamond_shop, uniq_duvessa
Temple:   minmay_temple_curvy_branch

Skill      XL: |  1  2  3  4  5  6  7  8  9 |
---------------+----------------------------+-----
Invocations    | 1 2 3 4 5 |  5.2
Short Blades   | 1 2 3 4 |  4.7
Long Blades    | 1 2 3 4 |  4.7
Axes           | 1 2 3 4 |  4.7
Maces & Flails | 1 2 3 4 |  4.7
Polearms       | 1 2 3 4 |  4.7
Ranged Weapons | 1 2 3 4 |  4.7
Armour         | 1 2 3 4 |  4.7
Stealth        | 1 2 3 4 |  4.7
Shields        | 1 2 3 4 |  4.7
Unarmed Combat | 1 2 3 4 |  4.7
Spellcasting   | 1 2 3 4 |  4.7
Evocations     | 1 2 3 4 |  4.7
Conjurations   | 1 2 3 |  3.9
Hexes          | 1 2 3 |  3.9
Summonings     | 1 2 3 |  3.9
Necromancy     | 1 2 3 |  3.9
Translocations | 1 2 3 |  3.9
Transmutations | 1 2 3 |  3.9
Fire Magic     | 1 2 3 |  3.9
Ice Magic      | 1 2 3 |  3.9
Air Magic      | 1 2 3 |  3.9
Earth Magic    | 1 2 3 |  3.9
Poison Magic   | 1 2 3 |  3.9
Fighting       | 5 6 |  6.7
Throwing       | 5 6 |  6.7
Staves         | 7 8 |  8.2
Dodging        | 7 8 |  8.2

Action                   |  1- 3 |  4- 6 |  7- 9 || total
-------------------------+-------+-------+-------++-------
Melee: Quarterstaff      |    72 |    40 |     1 ||   113
       Bite              |     6 |    14 |    32 ||    52
       Spear             |    26 |   127 |   157 ||   310
       Punch             |       |     2 |     8 ||    10
       Short sword       |       |       |   195 ||   195
Throw: Dart              |       |       |    28 ||    28
 Cast: Blink             |       |       |     1 ||     1
Invok: Bend Time         |       |       |     1 ||     1
  Use: Scroll            |       |       |     4 ||     4
       Potion            |       |       |     1 ||     1
 Stab: Sleeping          |     3 |     3 |     7 ||    13
Armor: Leather armour    |    22 |    21 |    68 ||   111
Dodge: Dodged            |    74 |    90 |   232 ||   396
Block: Kite shield       |       |       |    60 ||    60

Table legend: (Time is in decaauts)
 A = Elapsed time spent in this place.
 B = Non-inter-level travel time spent in this place.
 C = Inter-level travel time spent in this place.
 D = Time resting spent in this place.
 E = Time spent auto-exploring this place.
 F = Levels seen in this place.
 G = Mean time per level.
                   A        B        C        D        E       F      G
               +--------+--------+--------+--------+--------+-----+--------+
         Total |   7325 |   7067 |    258 |   1429 |   3819 |   8 |  915.6 |
       Dungeon |   7049 |   6822 |    227 |   1357 |   3655 |   7 | 1007.0 |
        Temple |    275 |    245 |     30 |     72 |    164 |   1 |  275.0 |
               +--------+--------+--------+--------+--------+-----+--------+

Top non-repeatable levels by time:
     D:6: 1888 daAuts
     D:5: 1358 daAuts
     D:4: 1356 daAuts
     D:3: 987 daAuts
     D:1: 699 daAuts
     D:2: 529 daAuts
  Temple: 275 daAuts
     D:7: 230 daAuts
